Map: Lerilak Crest

Players

MadWolf

  • Race: Terran Terran
  • League: Bronze

NordWind

  • Race: Zerg Zerg

VOD

Have the link to the VOD?

Description

Time

  • Played on: Nov. 20, 2015, 10:56 a.m.
  • Length: 8:55
Show
View Real Time Build Order
Export as new Build Order

MadWolf Terran 

Build Orders:  

Get SALT Encoding   

  12  0:02  SCV  
  13  0:13  Refinery  
  13  0:27  SCV  
  13  0:28  Supply Depot  
  14  0:39  SCV  
  15  0:54  Barracks  
  15  0:57  SCV  
  16  1:09  SCV  
  17  1:21  SCV  
  17  1:24  Refinery  
  18  1:34  SCV  
  19  1:42  Marine  
  20  1:52  SCV, Bunker  
  21  1:55  Factory  
  21  2:04  SCV  
  22  2:09  Marine  
  23  2:38  Command Center  
  23  2:51  Supply Depot  
  23  3:01  Starport  
  23  3:12  Marine  
  24  3:13  Orbital Command  
  24  3:24  Supply Depot  
  24  3:30  Marine  
  25  3:39  Starport Tech Lab  
  25  3:41  SCV, Fusion Core  
  26  3:50  SCV  
  27  3:59  Bunker  
  27  4:02  SCV  
  28  4:20  SCV  
  29  4:27  Battlecruiser  
  29  4:29  SCV  
  36  4:36  Refinery  
  36  4:37  SCV  
  37  4:41  SCV  
  37  4:43  Marine  
  39  4:49  SCV  
  40  4:56  Starport  
  40  5:01  Marine  
  40  5:02  SCV  
  42  5:26  Marine  
  42  5:27  Supply Depot  
  43  5:30  Supply Depot  
  43  5:32  Battlecruiser  
  43  5:34  Starport Tech Lab  
  49  5:40  Supply Depot  
  49  5:41  SCV  
  50  5:44  SCV  
  51  5:53  SCV  
  51  5:56  SCV  
  59  6:04  Battlecruiser  
  59  6:09  Supply Depot  
  59  6:24  Supply Depot  
  59  6:31  SCV  
  60  6:33  Refinery  
  60  6:40  Battlecruiser  
  60  6:43  SCV  
  67  6:52  Supply Depot  
  67  6:56  SCV, Supply Depot  
  68  7:08  SCV  
  69  7:15  Battlecruiser  
  75  7:20  SCV  
  76  7:24  Supply Depot  
  76  7:32  SCV  
  83  7:51  Battlecruiser  
  83  7:53  SCV  
  84  7:59  Supply Depot  
  84  8:06  SCV  
  84  8:10  Command Center  
  85  8:18  SCV  
  92  8:23  Supply Depot  
  92  8:30  SCV  
  93  8:36  Supply Depot  
  93  8:42  SCV  
  93  8:43  Supply Depot  
Show
View Real Time Build Order
Export as new Build Order

NordWind Zerg 

Build Orders: Hatch First 

Get SALT Encoding   

  12  0:02  Drone  
  13  0:15  Drone  
  13  0:18  Overlord  
  14  0:24  Extractor  
  14  0:25  Drone  
  15  0:58  Hatchery  
  14  1:08  Spawning Pool  
  13  1:12  Extractor  
  12  1:23  Drone  
  12  1:24  Drone x2  
  15  1:47  Drone x2  
  17  1:55  Queen  
  19  2:27  Drone  
  19  2:28  Drone, Queen  
  23  2:33  Metabolic Boost  
  23  2:36  Baneling Nest  
  22  2:38  Queen  
  24  2:45  Extractor  
  24  2:46  Drone x2  
  24  2:50  Drone  
  26  2:57  Overlord  
  26  3:10  Drone x2  
  28  3:20  Drone x3  
  28  3:22  Drone  
  28  3:26  Drone  
  33  3:54  Drone x3  
  36  3:57  Overlord x3  
  36  4:03  Lair  
  36  4:15  Drone x3  
  36  4:16  Drone x2  
  41  4:20  Overlord  
  41  4:28  Spore Crawler  
  41  4:29  Drone  
  41  4:30  Drone  
  42  4:35  Spore Crawler  
  42  4:37  Drone  
  42  4:38  Drone  
  43  4:56  Queen  
  43  4:58  Overlord x2  
  45  5:12  Spire  
  45  5:13  Drone  
  45  5:16  Drone x2  
  45  5:17  Drone x2  
  49  5:23  Extractor  
  49  5:25  Drone  
  49  5:26  Drone x2, Extractor  
  50  5:29  Drone x3  
  53  5:43  Zergling x4  
  53  5:44  Zergling x4  
  57  5:50  Evolution Chamber  
  57  5:52  Evolution Chamber  
  55  5:57  Drone  
  55  5:58  Drone  
  55  6:00  Zergling x2  
  58  6:37  Spore Crawler  
  58  6:38  Hatchery  
  56  6:54  Zerg Melee Weapons Level 1  
  56  6:55  Zerg Ground Armor Level 1  
  56  7:01  Infestation Pit  
  56  7:02  Drone  
  56  7:15  Drone x2  
  58  7:26  Mutalisk x2  
  58  7:27  Mutalisk x5  
  72  7:53  Drone x4  
  72  7:54  Drone x3  
  72  7:57  Drone x2  
  81  8:20  Mutalisk x4  
  89  8:30  Overlord  
  89  8:31  Overlord x3  
Tags
 
Add a new tag
Caveats
  • Supply blocks, unpowered buildings, or Contaminate may cause inaccurate times.
  • Supply counts are checked every 10 seconds.